 Dungeon Crawl Stone Soup version 0.28.0-53-g5a82cb258f (webtiles) character file.

Game seed: 7865750570123235985

106 Plasmagod the Skirmisher (level 4, -1/50 HPs)
             Began as an Ogre Fighter on July 21, 2022.
             Slain by a gnoll
             ... wielding a +0 halberd
              (8 damage)
             ... on level 3 of the Dungeon.
             The game lasted 00:03:19 (1658 turns).

Plasmagod the Skirmisher (Ogre Fighter)             Turns: 1658, Time: 00:03:20

Health: -1/50      AC:  7    Str: 20    XL:     4   Next: 84%
Magic:  4/4        EV:  9    Int:  9    God:
Gold:   118        SH:  7    Dex: 10    Spells: 3/3 levels left

rFire   . . .      SeeInvis .   a - +0 war axe
rCold   . . .      Faith    .   c - +0 kite shield
rNeg    . . .      Spirit   .   b - +0 robe
rPois   .          Reflect  .   (helmet restricted)
rElec   .          Harm     .   (no cloak)
rCorr   .          Rampage  .   (gloves unavailable)
Will    .....                   (boots unavailable)
Stlth   +.........              (no amulet)
HPRegen 0.16/turn               f - +4 ring of protection
MPRegen 0.09/turn               (no ring)

@: no status effects
A: large, unfitting armour, tough skin 1
a: no special abilities


You were on level 3 of the Dungeon.
You visited 1 branch of the dungeon, and saw 3 of its levels.

You collected 118 gold pieces.

Inventory:

Hand Weapons
 a - a +0 war axe (weapon)
Armour
 b - a +0 robe (worn)
 c - a +0 kite shield (worn)
Jewellery
 f - a +4 ring of protection (left hand)
Scrolls
 g - a scroll of amnesia {unknown}
 k - a scroll of enchant weapon {unknown}
 l - a scroll of identify {unknown}
 m - a scroll of magic mapping {unknown}
 n - a scroll of blinking {unknown}
 o - a scroll of fear {unknown}
 p - a scroll of teleportation {unknown}
Potions
 d - a potion of might
 e - 2 potions of curing {unknown}
 h - a potion of haste {unknown}
 i - a potion of heal wounds {unknown}
 j - 2 potions of mutation {unknown}


   Skills:
 + Level 5.0 Fighting
 + Level 3.0 Axes
 + Level 3.3 Dodging
 + Level 0.2 Stealth
 + Level 3.2 Shields


You had 3 spell levels left.
You didn't know any spells.
Your spell library was empty.

Dungeon Overview and Level Annotations

Branches:
Dungeon (3/15)

Altars:


Innate Abilities, Weirdness & Mutations

You are too large for most types of armour.
You have tough skin. (AC +1)


Message History

You kill the gnoll!
You barely miss the gnoll. You closely miss the orc.
The gnoll barely misses you. You block the gnoll's attack.
The orc hits you with a +0 mace.
You barely miss the gnoll. You hit the orc. The gnoll hits you with a +0 whip.
The gnoll hits you from afar with a +0 halberd!
The orc hits you with a +0 mace. The gnoll hits you with a +0 whip.
* * * LOW HITPOINT WARNING * * *
The gnoll hits you but does no damage. You block the orc's attack.
You are too injured to fight recklessly!
You are too injured to fight recklessly!
You slash the orc!
You kill the orc!
You slash the gnoll! The gnoll hits you with a +0 whip.
* * * LOW HITPOINT WARNING * * *
The gnoll barely misses you.
You slash the gnoll!
You kill the gnoll!
You hit the ball python.
You kill the ball python!
You block the gnoll's attack. x2
Your Axes skill increases to level 3!
The gnoll barely misses you.
You slash the gnoll!
The gnoll is severely wounded.
The gnoll closely misses you.
You closely miss the gnoll.
The gnoll is severely wounded.
The gnoll closely misses you. The gnoll hits you with a +0 halberd!
* * * LOW HITPOINT WARNING * * *
You closely miss the gnoll.
The gnoll is severely wounded.
You block the gnoll's attack. x2
You hit the gnoll but do no damage.
The gnoll is severely wounded.
The gnoll closely misses you.
You hit the gnoll but do no damage.
The gnoll is severely wounded.
The gnoll misses you. The gnoll hits you with a +0 halberd!
You die...

##.# ##.#
#####.# ###
###.....## #.#
#...(...# #.#
#.......# #.#
#....... #.#
#..... #.#
#...#####.#
#######)##.....#
......g@...#####
.......))..#
......=........
#######+##.####
###


You could see a gnoll.

Vanquished Creatures
  2 gnolls (D:3)
  4 adders
  3 dart slugs
  2 orcs (D:3)
  3 ball pythons
  5 endoplasms
  2 giant cockroaches
  6 hobgoblins
  2 jackals (D:2)
  2 kobolds
  2 quokkas (D:1)
  2 frilled lizards (D:3)
  4 goblins
  5 rats
44 creatures vanquished.

Notes
Turn   | Place    | Note
-------+----------+-------------------------------------------
     0 | D:1      | Plasmagod the Ogre Fighter began the quest for the Orb.
     0 | D:1      | Reached XP level 1. HP: 24/24 MP: 1/1
   156 | D:1      | Reached XP level 2. HP: 32/32 MP: 2/2
   632 | D:2      | Reached XP level 3. HP: 25/40 MP: 3/3
   853 | D:2      | Found a faded altar of an unknown god.
  1386 | D:3      | Reached XP level 4. HP: 49/49 MP: 4/4
  1400 | D:3      | Reached skill level 5 in Fighting
  1658 | D:3      | Slain by a gnoll

Illustrated notes

Levels and vault maps discovered:
D:1:      dpeg_arrival_stone_temple_mockup, layout_rooms, supply_closet_lemuel
D:2:      layout_basic, hellmonk_ecumenical_altar_dog_temple
D:3:      kennysheep_six_static_rooms, layout_basic, marbit_many_paths,
          serial_shops, nicolae_shop_bloodbath_and_beyond,
          nicolae_shop_hallway_plus

Skill      XL: |  1  2  3  4 |
---------------+-------------+-----
Dodging        | 3 |  3.3
Shields        | 3 |  3.2
Fighting       | 5 |  5.0
Axes           | 3 |  3.0
Stealth        | |  0.2

Action                   |  1- 3 |  4- 6 || total
-------------------------+-------+-------++-------
Melee: War axe           |    86 |    39 ||   125
 Stab: Sleeping          |     1 |       ||     1
Armor: Robe              |    37 |     9 ||    46
Dodge: Dodged            |    40 |    24 ||    64
Block: Kite shield       |    27 |    20 ||    47
